 Dungeon Crawl Stone Soup version 0.22.1-2-g9c5b331 (webtiles) character file.

10683 spiff the Covert (level 11, 51/51 HPs)
             Began as a Spriggan Enchanter on Dec 3, 2018.
             Was a Follower of Uskayaw.
             Quit the game on level 2 of the Lair of Beasts.
             The game lasted 00:32:25 (11876 turns).

spiff the Covert (Spriggan Enchanter)              Turns: 11876, Time: 00:32:26

Health: 51/51      AC:  6    Str:  5    XL:     11   Next: 39%
Magic:  20/20      EV: 26    Int: 18    God:    Uskayaw [*.....]
Gold:   715        SH:  0    Dex: 18    Spells: 15/20 levels left

rFire    . . .     SeeInvis +   q - +1 dagger (speed)
rCold    . . .     Gourm    .   (shield restricted)
rNeg     . . .     Faith    .   b - +0 robe
rPois    .         Spirit   .   p - +2 hat
rElec    .         Reflect  .   w - +1 cloak
rCorr    +         Harm     .   (gloves unavailable)
MR       +....                  (boots unavailable)
Stlth    +++++.....             C - amulet of magic regeneration
HPRegen  0.17/turn              t - ring of resist corrosion
MPRegen  0.42/turn              y - ring of see invisible

@: very quick
A: very small, unfitting armour, see invisible, herbivore, speed 3, slow
metabolism 2
a: Stomp, Renounce Religion


You were on level 2 of the Lair of Beasts.
You worshipped Uskayaw.
Uskayaw was aware of your devotion.
You were not hungry.

You visited 3 branches of the dungeon, and saw 12 of its levels.

You collected 715 gold pieces.

Inventory:

Hand Weapons
 a - a +1 dagger
 q - a +1 dagger of speed (weapon)
 s - a +0 short sword of venom
 A - a cursed +0 rapier
Missiles
 i - 7 tomahawks of dispersal (quivered)
Armour
 b - a +0 robe (worn)
 p - a +2 hat (worn)
 v - a +0 buckler
 w - a +1 cloak (worn)
Magical Staves
 I - an uncursed staff of wizardry
Jewellery
 t - a ring of resist corrosion (left hand)
 y - a ring of see invisible (right hand)
 C - an amulet of magic regeneration (around neck)
 E - a +3 amulet of reflection {unknown}
 N - an uncursed ring of ice
Wands
 u - a wand of clouds (8)
 H - a wand of iceblast (7)
 M - a wand of paralysis (16)
Scrolls
 c - 7 scrolls of identify
 e - 6 scrolls of teleportation
 g - 2 scrolls of amnesia
 j - 5 scrolls of remove curse
 m - 4 scrolls of enchant armour
 n - a scroll of fear
 o - a scroll of blinking
 x - 2 scrolls of enchant weapon
 z - 2 scrolls of brand weapon {unknown}
 B - a scroll of silence {unknown}
 F - 3 scrolls of acquirement {unknown}
 J - 2 scrolls of noise {unknown}
 K - 3 scrolls of fog {unknown}
Potions
 f - 8 potions of curing
 h - a potion of degeneration
 k - 3 potions of heal wounds
 l - a potion of might {unknown}
 r - a potion of mutation
 D - a potion of invisibility {unknown}
 G - a potion of ambrosia {unknown}
 L - a potion of haste {unknown}
Comestibles
 d - 14 rations


   Skills:
 + Level 2.9 Fighting
 + Level 7.3 Short Blades
 - Level 10.0 Dodging
 + Level 11.4 Stealth
 - Level 5.2 Spellcasting
 + Level 8.9 Hexes
 + Level 10.7 Invocations


You had 15 spell levels left.
You knew the following spells:

 Your Spells              Type           Power        Failure   Level  Hunger
b - Ensorcelled Hibernat  Hex/Ice        ###...       3%          2    #......
c - Confuse               Hex            #####...     1%          3    ##.....

Your spell library contained the following spells:

 Spells                   Type           Power        Failure   Level  Hunger
 Confusing Touch          Hex            #####.       1%          1    None
 Corona                   Hex            #####..      1%          1    None
 Tukima's Dance           Hex            #####...     1%          3    ##.....
 Dazzling Spray           Conj/Hex       ###...       6%          3    ##.....
 Animate Skeleton         Necr           N/A          13%         1    None
 Apportation              Tloc           #.....       13%         1    None
 Summon Small Mammal      Summ           #...         13%         1    None


Dungeon Overview and Level Annotations

Branches:
Dungeon (9/15)             Temple (1/1) D:6            Lair (2/6) D:8
    Orc (0/2) D:9
  Swamp: Lair:2-4    Shoals: Lair:2-4     Snake: Lair:2-4    Spider: Lair:2-4

Altars:
Elyvilon
Gozag
Kikubaaqudgha
Nemelex Xobeh
Qazlal
Sif Muna
Trog
Uskayaw
Vehumet
Wu Jian
Xom
Zin

Annotations:
Lair:1 exclusions: electric eel and 3 more exclusions


Innate Abilities, Weirdness & Mutations

You are very small and have problems with some larger weapons.
You are too small for most types of armour.
You have supernaturally acute eyesight. (SInv)
You are a herbivore.
You cover ground extremely quickly.
You need to consume almost no food.


Message History

Aim: a blink frog (chance to defeat MR: 32%)
The blink frog looks drowsy...
The helpless blink frog fails to defend itself.
You spit the blink frog like a pig!!!!
You kill the blink frog!
d - 13 rations (gained 1)
d - 14 rations (gained 1)
Found a stone staircase leading down.
HP restored.
You see here a dagger.
Partly explored, can't reach some places.
There is a stone staircase leading down here.
You climb downwards.
Found 13 gold pieces and 13 sling bullets.
There is a stone staircase leading up here.
Save game and exit?
Welcome back, spiff the Spriggan Enchanter.
Uskayaw says: Surrender yourself to the rhythm!
Press ? for a list of commands and other information.
Are you sure you want to abandon this character and quit the game? (Confirm

#...####
.......#
#...... .
###.....
..##.....P
.......$.##
..........#
.......@.#
.........#
.........#
.........P
..........#
.........(.
.........#.#
P#..##...##.


There were no monsters in sight!

Vanquished Creatures
  Fannar (D:8)
  2 two-headed ogres (D:9)
  Pikel (D:5)
  A black mamba (Lair:1)
  A komodo dragon (Lair:1)
  A troll (D:9)
  5 blink frogs (Lair:1)
  2 hippogriffs
  A wyvern (D:8)
  A shadow (D:9)
  8 yaks (D:9)
  Eustachio (D:5)
  A steam dragon (D:9)
  2 wargs (D:9)
  Edmund (D:6)
  A porcupine (Lair:1)
  3 water moccasins
  4 orc warriors
  A slave (D:5)
  2 phantoms
  2 sky beasts
  4 wolves (Lair:1)
  4 crocodiles
  4 centaurs
  A big kobold (D:9)
  A wyvern zombie (D:9)
  9 bullfrogs
  9 killer bees
  A scorpion (D:6)
  3 wights (D:6)
  A howler monkey (D:4)
  A crimson imp (D:6)
  5 hounds
  A centaur skeleton (D:9)
  An orc priest (D:8)
  A jelly (D:7)
  5 orc wizards
  Natasha (twice) (D:3)
  2 worker ants
  2 killer bee zombies
  A howler monkey zombie (D:8)
  3 worker ant zombies
  4 gnolls (D:3)
  6 adders
  A howler monkey skeleton (D:6)
  2 shadow imps
  An adder zombie (D:9)
  An adder skeleton (D:7)
  2 worms (D:2)
  3 dart slugs
  3 leopard geckos
  25 orcs
  15 giant cockroaches
  4 goblins
  9 hobgoblins
  4 jackals (D:2)
  12 kobolds
  A quokka (D:3)
  4 ball pythons
  16 bats
  2 frilled lizards
  2 jackal skeletons
  A leopard gecko skeleton (D:5)
  A quokka skeleton (D:4)
  8 rats
230 creatures vanquished.

Vanquished Creatures (others)
  A plant (Lair:1)
1 creature vanquished.

Grand Total: 231 creatures vanquished

Notes
Turn   | Place    | Note
-------+----------+-------------------------------------------
     0 | D:1      | spiff the Spriggan Enchanter began the quest for the Orb.
     0 | D:1      | Reached XP level 1. HP: 9/9 MP: 5/5
   396 | D:1      | Reached XP level 2. HP: 13/13 MP: 4/6
   535 | D:1      | Learned a level 2 spell: Ensorcelled Hibernation
   928 | D:1      | Reached skill level 5 in Stealth
  1298 | D:2      | Found a faded altar of an unknown god.
  1317 | D:2      | Reached XP level 3. HP: 16/16 MP: 4/8
  1796 | D:2      | Found a hide-covered altar of Uskayaw.
  1797 | D:2      | Found a shimmering altar of Xom.
  1797 | D:2      | Found a deep blue altar of Sif Muna.
  1798 | D:2      | Found a white marble altar of Elyvilon.
  2193 | D:3      | Reached XP level 4. HP: 21/21 MP: 9/9
  2206 | D:3      | Learned a level 3 spell: Confuse
  2302 | D:3      | Found a radiant altar of Vehumet.
  2487 | D:3      | Reached skill level 6 in Stealth
  2685 | D:3      | Reached XP level 5. HP: 23/24 MP: 7/10
  2732 | D:3      | Noticed a centaur
  2740 | D:3      | Killed a centaur
  2740 | D:3      | Reached skill level 5 in Hexes
  2765 | D:3      | Noticed Natasha
  2768 | D:3      | Killed Natasha
  2836 | D:3      | Reached XP level 6. HP: 28/28 MP: 5/12
  3065 | D:3      | Found an opulent altar of Gozag.
  3065 | D:3      | Noticed Natasha
  3078 | D:3      | Killed Natasha
  3389 | D:3      | Found a sparkling altar of Nemelex Xobeh.
  3418 | D:3      | Reached skill level 7 in Stealth
  4568 | D:5      | Entered Level 5 of the Dungeon
  4569 | D:5      | Found an ancient bone altar of Kikubaaqudgha.
  4836 | D:5      | Noticed a slave
  4836 | D:5      | Noticed a slave
  4837 | D:5      | Noticed Pikel
  4852 | D:5      | Killed a slave
  4880 | D:5      | Noticed a slave
  4897 | D:5      | Killed Pikel
  4897 | D:5      | Reached skill level 8 in Stealth
  4897 | D:5      | Reached skill level 5 in Spellcasting
  4897 | D:5      | Reached XP level 7. HP: 32/32 MP: 8/15
  5549 | D:5      | Noticed Eustachio
  5555 | D:5      | Killed Eustachio
  5555 | D:5      | Reached skill level 5 in Short Blades
  5762 | D:6      | Reached XP level 8. HP: 31/36 MP: 9/16
  5797 | D:6      | Reached skill level 9 in Stealth
  6203 | D:6      | Found a staircase to the Ecumenical Temple.
  6211 | Temple   | Entered the Ecumenical Temple
  6325 | D:2      | Became a worshipper of Uskayaw the Reveler
  6382 | D:6      | Reached * piety under Uskayaw
  6388 | D:6      | Reached skill level 5 in Dodging
  6388 | D:6      | Reached ** piety under Uskayaw
  6489 | D:6      | Noticed Edmund
  6497 | D:6      | Killed Edmund
  6787 | D:7      | Reached skill level 10 in Stealth
  6924 | D:7      | Reached skill level 1 in Invocations
  7002 | D:7      | Reached XP level 9. HP: 26/39 MP: 9/17
  7008 | D:7      | Reached *** piety under Uskayaw
  7631 | D:8      | Reached skill level 5 in Invocations
  7709 | D:8      | Found a staircase to the Lair.
  7876 | D:8      | Reached skill level 10 in Dodging
  7923 | D:8      | Found an ornate altar of the Wu Jian Council.
  8554 | D:9      | Noticed a troll
  8557 | D:9      | Killed a troll
  8578 | D:9      | Reached XP level 10. HP: 44/44 MP: 15/18
  8590 | D:9      | Reached **** piety under Uskayaw
  8646 | D:9      | Noticed a two-headed ogre
  8661 | D:9      | Killed a two-headed ogre
  9294 | D:9      | Found a staircase to the Orcish Mines.
  9622 | D:9      | Reached skill level 10 in Invocations
  9908 | D:9      | Noticed a two-headed ogre
  9915 | D:9      | Killed a two-headed ogre
  9915 | D:9      | Reached skill level 1 in Fighting
 10425 | Lair:1   | Entered Level 1 of the Lair of Beasts
 10432 | Lair:1   | Reached XP level 11. HP: 50/50 MP: 19/19
 10467 | Lair:1   | Noticed Fannar
 10649 | D:8      | Killed Fannar
 10911 | Lair:1   | Reached skill level 11 in Stealth
 11876 | Lair:2   | Quit the game

Skill      XL: |  1  2  3  4  5  6  7  8  9 10 11 |
---------------+----------------------------------+-----
Hexes          | 4 5 6 8 |  8.9
Stealth        | 5 6 8 10 11 | 11.4
Short Blades   | 2 3 4 5 6 7 |  7.3
Spellcasting   | 3 5 |  5.2
Dodging        | 6 10 | 10.0
Invocations    | 2 6 10 | 10.7
Fighting       | 1 2 |  2.9

Action                   |  1- 3 |  4- 6 |  7- 9 | 10-12 || total
-------------------------+-------+-------+-------+-------++-------
Melee: Dagger            |   193 |   175 |   227 |   186 ||   781
 Cast: Corona            |    11 |       |       |       ||    11
       Ensorcelled Hiber |    31 |    28 |    64 |    97 ||   220
       Confuse           |       |       |     9 |    17 ||    26
Invok: Line Pass         |       |       |     1 |     1 ||     2
Evoke: Wand              |       |       |       |     1 ||     1
  Use: Scroll            |       |    13 |     1 |       ||    14
 Stab: Sleeping          |    29 |    23 |    54 |    38 ||   144
       Confused          |       |       |     8 |    12 ||    20
       Paralysed         |       |       |     1 |     2 ||     3
       Distracted        |       |       |       |     1 ||     1
  Eat: Ration            |       |     3 |     3 |     2 ||     8
Armor: Robe              |    20 |    29 |     7 |     9 ||    65
Dodge: Dodged            |   150 |   137 |   109 |   132 ||   528
